 Dungeon Crawl Stone Soup version 0.29-a0-380-gf50f0a9fbc (webtiles) character file.

Game seed: 2518892002483133733

30 Antichthon the Skirmisher (level 3, -1/29 HPs)
             Began as a Formicid Abyssal Knight on May 5, 2022.
             Was a Believer of Lugonu.
             Slain by a ball python (2 damage)
             ... on level 2 of the Dungeon.
             The game lasted 00:02:17 (1138 turns).

Antichthon the Skirmisher (Formicid Abyssal Knight) Turns: 1138, Time: 00:02:18

Health: -1/29      AC:  3    Str: 17    XL:     3   Next: 35%
Magic:  4/4        EV: 11    Int:  9    God:    Lugonu [**....]
Gold:   44         SH:  0    Dex: 13    Spells: 2/2 levels left

rFire   . . .      SeeInvis +   a - +1 falchion
rCold   . . .      Faith    .   (no shield)
rNeg    . . .      Spirit   .   b - +0 leather armour
rPois   .          Reflect  .   (helmet unavailable)
rElec   .          Harm     .   (no cloak)
rCorr   .          Rampage  .   (no gloves)
Will    .....                   (no boots)
Stlth   +.........              (no amulet)
HPRegen 0.09/turn               (no ring)
MPRegen 0.09/turn               (no ring)

@: mighty, lethally poisoned (-1 -> -7)
A: permanent stasis, dig shafts and tunnels, antennae 3, four strong arms
a: Dig, Shaft Self, Renounce Religion, Depart the Abyss, Bend Space


You were on level 2 of the Dungeon.
You worshipped Lugonu.
Lugonu was pleased with you.
You visited 1 branch of the dungeon, and saw 2 of its levels.
You visited the Abyss 1 time.

You collected 44 gold pieces.

Inventory:

Hand Weapons
 a - a +1 falchion (weapon)
Armour
 b - a +0 leather armour (worn)
Scrolls
 c - a scroll of summoning {unknown}
 d - a scroll of noise {unknown}
 g - a scroll of teleportation {unknown}
 h - a scroll of fear {unknown}
Potions
 f - 2 potions of might


   Skills:
 - Level 3.3 Fighting
 - Level 2.0 Long Blades
 * Level 2.5 Crossbows
 - Level 2.2 Armour
 - Level 0.9 Dodging
 - Level 2.2 Invocations


You had 2 spell levels left.
You didn't know any spells.
Your spell library contained the following spells:

 Spells                   Type           Power      Damage    Failure   Level
 Conjure Flame            Conj/Fire      0%         6-21      82%         3
 Ignite Poison            Fire/Tmut/Pois 0%         N/A       82%         3
 Tukima's Dance           Hex            0%         N/A       82%         3
 Anguish                  Hex/Necr       0%         N/A       99%         4
 Sticky Flame             Conj/Fire      0%         2d3       99%         4
 Enfeeble                 Hex            0%         N/A       100%        7


Dungeon Overview and Level Annotations

Branches:
Dungeon (2/15)

Altars:


Innate Abilities, Weirdness & Mutations

You cannot be hasted, slowed, berserked, paralysed or teleported.
You can dig through walls and to a lower floor.
You have a pair of large antennae on your head. (SInv)
Your four strong arms can wield two-handed weapons with a shield.


Message History

The ball python hisses angrily.
The adder hisses angrily.
You see here a dart slug corpse.
The adder attacks as you move away! The adder bites you.
You are poisoned.
The adder poisons you!
You feel sick.
You feel sick. The adder attacks as you move away! The adder bites you.
You feel sick. The adder bites you.
You are more poisoned.
The adder poisons you!
You hit the adder.
The adder is heavily wounded.
* * * LOW HITPOINT WARNING * * *
You feel very sick. The adder bites you but does no damage.
You hit the adder.
The adder is almost dead.
You feel sick. The adder misses you. The adder closely misses you.
You barely miss the adder.
The adder is almost dead.
You feel sick. The adder closely misses you.
Unknown command.
It was a potion of might.
You feel very mighty all of a sudden.
You feel sick. The adder closely misses you. The adder bites you.
* * * LOW HITPOINT WARNING * * *
You are lethally poisoned!
The adder poisons you!
Unknown command.
It was a potion of berserk rage.
Your stasis prevents you from going berserk.
* * * LOW HITPOINT WARNING * * *
You feel sick. The adder bites you but does no damage.
Unknown command.
You slash the adder!
You kill the adder!
Lugonu accepts your kill.
* * * LOW HITPOINT WARNING * * *
You feel sick. The ball python bites you.
You die...

### #<# #.#
#.# #@# #S#
#J# #†# #.#
#.......♣
#.......♣
..........J.
###..........


You could see an endoplasm and a ball python.

Vanquished Creatures
  An adder (D:2)
  A dart slug (D:2)
  3 ball pythons (D:1)
  An endoplasm (D:1)
  6 giant cockroaches (D:1)
  A goblin (D:1)
  3 hobgoblins (D:1)
  A quokka (D:1)
  4 bats (D:1)
  A frilled lizard (D:1)
  3 rats (D:1)
25 creatures vanquished.

Notes
Turn   | Place    | Note
-------+----------+-------------------------------------------
     0 | Abyss:1  | Antichthon the Formicid Abyssal Knight began the quest for
                  | the Orb.
     0 | Abyss:1  | Reached XP level 1. HP: 18/18 MP: 2/2
     0 | D:1      | Escaped the Abyss
   113 | D:1      | Found a faded altar of an unknown god.
   150 | D:1      | Reached skill level 1 in Crossbows
   150 | D:1      | Reached XP level 2. HP: 20/24 MP: 3/3
   658 | D:1      | Reached XP level 3. HP: 28/29 MP: 4/4
  1138 | D:2      | HP: 1/29 [poisoned by an adder]
  1138 | D:2      | Slain by a ball python

Illustrated notes

Levels and vault maps discovered:
D:1:      dpeg_arrival_rhombus, layout_basic,
          hellmonk_ecumenical_altar_crossroads, minmay_tall_x
D:2:      layout_basic, serial_bayou, serial_bayou_pond_e, serial_bayou_ford_a,
          serial_bayou_pond_d, serial_bayou_pond_a

Skill      XL: |  1  2 |
---------------+-------+-----
Crossbows      | 1 2 |  2.5
Fighting       | |  3.3
Long Blades    | |  2.0
Armour         | |  2.2
Dodging        | |  0.9
Invocations    | |  2.2

Action                   || total
-------------------------++-------
Melee: Falchion          ||    88
       Punch             ||     1
Invok: Depart the Abyss  ||     1
  Use: Potion            ||     2
 Stab: Sleeping          ||     1
Armor: Leather armour    ||    44
Dodge: Dodged            ||    81

Table legend: (Time is in decaauts)
 A = Elapsed time spent in this place.
 B = Non-inter-level travel time spent in this place.
 C = Inter-level travel time spent in this place.
 D = Time resting spent in this place.
 E = Time spent auto-exploring this place.
 F = Levels seen in this place.
 G = Mean time per level.
                   A        B        C        D        E       F      G
               +--------+--------+--------+--------+--------+-----+--------+
         Total |   1154 |   1129 |     25 |      0 |    857 |   3 |  384.7 |
       Dungeon |   1154 |   1129 |     25 |      0 |    857 |   2 |  577.0 |
         Abyss |      0 |      0 |      0 |      0 |      0 |   1 |    0.0 |
               +--------+--------+--------+--------+--------+-----+--------+

Top non-repeatable levels by time:
     D:1: 1125 daAuts
     D:2: 29 daAuts
